AoeStats
← eyupfc

African Clearing

510620458Analyzed
4v4 RM · 9h ago on Oct 1, 2026· 61m 18s· 8 players
Game mode
Random Map
Map size
Large (8 player)
Population
200
Speed
Normal
Resources
Standard
Victory
Conquest
Starting age
Dark Age
Ending age
Imperial Age
RankedLock teamsTeams togetherTeam positionsShared explorationLock speedFull tech treeHidden civsTurbo modeCheats
Victory
Defeat
🇺🇸 Armenians · United States
1207
+18
🇨🇦 Saracens · Canada
1200
+18
🇮🇹 Bohemians · Italy
1188
+18
🇨🇭 Vietnamese · Switzerland
1184
+18
🇹🇷 Mongols · Türkiye
1306
-20
🇹🇷 Byzantines · Türkiye
1241
-18
🇮🇹 Portuguese · Italy
1231
-18
🇹🇷 Danes · Türkiye
1180
-16
yangcongze30
5:30 Loom
14:06 Feudal Age
18:52 Castle Age
23:49 Double-Bit Axe
28:32 Fervor
28:43 Sanctity
28:11 Horse Collar
29:11 Bow Saw
29:12 Heavy Plow
29:50 Wheelbarrow
29:51 Pikeman
31:11 Hand Cart
35:23 Imperial Age
34:56 Chemistry
35:22 Scale Mail Armor
35:15 Fletching
35:49 Arson
36:04 Squires
35:27 Halberdier
36:44 Chain Mail Armor
39:45 Two-Man Saw
39:46 Masonry
40:17 Town Watch
41:06 Plate Mail Armor
40:32 Bodkin Arrow
42:21 Wagenburg Tactics
42:30 Bracer
42:40 Forging
42:22 Houfnice
44:14 Architecture
43:49 Siege Engineers
46:18 Iron Casting
47:01 Town Patrol
48:05 Blast Furnace
47:06 Elite Hussite Wagon
48:07 Conscription
51:42 Fortified Wall
52:05 Ballistics
60:30 Man-at-Arms
61:07 Long Swordsman
PeneTratoR_
12:34 Loom
14:48 Feudal Age
19:22 Castle Age
17:09 Double-Bit Axe
17:05 Horse Collar
20:20 Man-at-Arms
20:46 Gambesons
21:01 Squires
21:27 Long Swordsman
22:39 Scale Mail Armor
30:03 Wheelbarrow
29:50 Bow Saw
37:54 Heavy Plow
42:42 Imperial Age
40:02 Two-Handed Swordsman
40:29 Arson
40:05 Pikeman
41:02 Chain Mail Armor
41:07 Gold Mining
40:42 Halberdier
41:46 Champion
46:04 Imperial Age
45:35 Forging
47:22 Capped Ram
53:51 Coinage
55:26 Hand Cart
57:11 Murder Holes
57:09 Fletching
58:58 Masonry
58:50 Bodkin Arrow
59:31 Plate Mail Armor
moi
7:03 Loom
13:35 Feudal Age
17:31 Castle Age
15:21 Double-Bit Axe
15:34 Stone Mining
17:46 Gold Mining
21:45 Gold Shaft Mining
22:19 Forging
30:28 Iron Casting
30:00 Scale Barding Armor
33:43 Imperial Age
31:34 Scale Barding Armor
33:44 Husbandry
33:55 Bloodlines
34:33 Elite Mameluke
37:32 Blast Furnace
40:00 Horse Collar
41:15 Conscription
43:36 Chain Barding Armor
47:47 Plate Barding Armor
54:11 Heavy Plow
57:37 Wheelbarrow
LaPythieDeDelphes
7:23 Loom
13:04 Feudal Age
13:50 Double-Bit Axe
16:08 Fletching
21:12 Castle Age
27:08 Sanctity
28:14 Padded Archer Armor
27:53 Elite Skirmisher
36:16 Ballistics
41:06 Leather Archer Armor
46:40 Bodkin Arrow
50:17 Imperial Age
50:14 Town Watch
51:07 Wheelbarrow
52:27 Ring Archer Armor
52:20 Bow Saw
53:01 Paper Money
53:13 Murder Holes
53:29 Masonry
54:48 Hand Cart
54:28 Imperial Skirmisher
56:21 Two-Man Saw
56:45 Chemistry
55:59 Bracer
58:21 Squires
58:46 Arson
Player2
10:01 Loom
15:19 Feudal Age
15:54 Town Watch
19:35 Castle Age
17:47 Double-Bit Axe
18:26 Horse Collar
20:46 Bow Saw
20:30 Gold Mining
21:04 Heavy Plow
23:16 Circumnavigation
30:09 Wheelbarrow
31:13 Hand Cart
37:48 Imperial Age
36:05 Fletching
39:46 Chemistry
38:58 Masonry
39:11 Conscription
39:36 Bodkin Arrow
39:42 Padded Archer Armor
40:07 Ballistics
39:28 Treadmill Crane
39:54 Siege Engineers
40:22 Elite Skirmisher
41:08 Thumb Ring
42:26 Thumb Ring
42:23 Bracer
42:39 Leather Archer Armor
44:16 Light Cavalry
45:06 Bloodlines
44:57 Husbandry
45:40 Ring Archer Armor
47:30 Arquebus
48:58 Architecture
50:53 Cavalier
52:15 Forging
52:05 Scale Mail Armor
52:10 Scale Barding Armor
54:03 Coinage
54:16 Guilds
56:01 Chain Barding Armor
isik.cemil
14:54 Feudal Age
13:38 Loom
18:46 Castle Age
16:41 Double-Bit Axe
16:39 Horse Collar
16:53 Gold Mining
18:18 Stone Mining
37:51 Imperial Age
36:09 Heavy Plow
39:58 Conscription
41:44 Bow Saw
41:36 Elite Skirmisher
42:09 Fletching
44:24 Bodkin Arrow
44:30 Padded Archer Armor
45:59 Thumb Ring
eyupfc
3:26 Loom
13:52 Feudal Age
15:24 Double-Bit Axe
21:15 Castle Age
22:37 Bow Saw
22:22 Gold Mining
33:05 Scale Mail Armor
36:24 Gold Shaft Mining
36:54 Chain Mail Armor
36:26 Gambesons
36:47 Squires
36:32 Gambesons
36:48 Horse Collar
37:52 Wheelbarrow
39:25 Hamask
43:22 Imperial Age
41:09 Stone Mining
41:32 Forging
41:10 Arson
41:46 Hand Cart
44:31 Iron Casting
43:47 Fletching
47:37 Conscription
48:25 Elite Varangian Guard
51:25 Elite Jomsviking
52:53 Plate Mail Armor
55:43 Blast Furnace
57:10 Northmen's Fury
KingMoonborn
6:05 Loom
7:07 Loom
14:13 Feudal Age
18:40 Castle Age
16:31 Double-Bit Axe
17:20 Fletching
19:45 Bow Saw
21:35 Bodkin Arrow
24:09 Forging
24:02 Padded Archer Armor
26:07 Horse Collar
28:19 Bloodlines
28:10 Husbandry
31:10 Ballistics
31:59 Murder Holes
33:14 Thumb Ring
35:06 Leather Archer Armor
37:39 Wheelbarrow
36:50 Town Watch
41:52 Hand Cart
47:46 Imperial Age
47:10 Scale Barding Armor
47:15 Forging
47:59 Masonry
47:48 Crossbowman
48:51 Conscription
49:41 Chemistry
48:43 Bracer
48:31 Elite Mangudai
49:39 Conscription
50:47 Iron Casting
50:33 Chain Barding Armor
50:58 Drill
51:30 Light Cavalry
53:00 Hussar
53:47 Nomads
55:45 Drill
55:57 Coinage
55:27 Caravan
56:53 Blast Furnace
57:30 Hoardings
57:48 Capped Ram
59:09 Siege Ram
Connection lost

Rejoining the realm…

Still unreachable

The connection could not be restored.

Session expired

The server has moved on; the page needs a fresh start.